 Dungeon Crawl Stone Soup version 0.21.1-1-g345015fe64 (webtiles) character file.

3535 Gargoyl the Chopper (level 9, -4/78 HPs)
             Began as a Centaur Abyssal Knight on Mar 24, 2018.
             Was a Priest of Lugonu.
             Slain by a killer bee (6 damage)
             ... on level 8 of the Dungeon.
             The game lasted 00:14:16 (8070 turns).

Gargoyl the Chopper (Centaur Abyssal Knight)        Turns: 8070, Time: 00:14:17

Health: -4/78      AC: 14    Str: 22    XL:     9   Next: 82%
Magic:  9/13       EV:  2    Int: 11    God:    Lugonu [***...]
Gold:   129        SH:  8    Dex: 11    Spells: 8/8 levels left

rFire    . . .     SeeInvis .   a - +3 hand axe
rCold    . . .     Gourm    .   n - +1 shield
rNeg     . . .     Faith    .   k - +1 plate armour
rPois    .         Spirit   .   p - +0 helmet
rElec    .         Reflect  .   (no cloak)
rCorr    .         Harm     .   j - +0 pair of gloves
MR       .....                  (no barding)
Stlth    ..........             (no amulet)
HPRegen  0.23/turn              m - +2 ring of strength
MPRegen  0.13/turn              r - +4 ring of strength

@: very quick
A: large, hooves 3, deformed body, speed 2, tough skin 3
a: Depart the Abyss, Bend Space, Banish, Renounce Religion


You were on level 8 of the Dungeon.
You worshipped Lugonu.
Lugonu was most pleased with you.
You were not hungry.

You visited 1 branch of the dungeon, and saw 8 of its levels.
You visited the Abyss 1 time.

You collected 426 gold pieces.
You spent 297 gold pieces at shops.

Inventory:

Hand Weapons
 a - a +3 hand axe (weapon)
Missiles
 e - 10 tomahawks (quivered)
Armour
 j - a +0 pair of gloves (worn)
 k - a +1 plate armour (worn)
 n - a +1 shield (worn)
 p - a +0 helmet (worn)
Jewellery
 m - a +2 ring of strength (left hand)
 r - a +4 ring of strength (right hand)
Wands
 i - a wand of digging (3)
 o - a wand of random effects (56)
 u - a wand of paralysis (8)
 v - a wand of flame (15)
 w - a wand of polymorph (9)
Scrolls
 d - 2 scrolls of identify
 g - 2 scrolls of remove curse
 q - a scroll of amnesia
 x - a scroll of teleportation
Potions
 b - 2 potions of cancellation
 f - a potion of brilliance
 l - 3 potions of agility
 s - a potion of ambrosia
 t - a potion of curing
Books
 h - a book of Minor Magic

   Spells                             Type                      Level
   a - Magic Dart                     Conjuration                  1
   b - Blink                          Translocation                2
   c - Call Imp                       Summoning                    2
   d - Slow                           Hexes                        2
   e - Conjure Flame                  Conjuration/Fire             3
   f - Mephitic Cloud                 Conjuration/Poison/Air       3
Comestibles
 c - 12 rations


   Skills:
 + Level 6.5 Fighting
 + Level 7.3 Axes
 + Level 0.6 Throwing
 * Level 6.8 Armour
 + Level 1.1 Dodging
 * Level 5.9 Invocations
 + Level 0.1 Evocations


You had 8 spell levels left.
You didn't know any spells.

Dungeon Overview and Level Annotations

Branches:
Dungeon (8/15)             Temple (0/1) D:5
   Lair: D:8-11

Altars:
Ashenzari
Cheibriados
Fedhas
Nemelex Xobeh
Qazlal
Trog
Wu Jian
Yredelemnul

Shops:
D:5 =

Annotations:
D:8 tensugalgo's ghost, journeyman NaAs


Innate Abilities, Weirdness & Mutations

You have hooves in place of feet.
Armour fits poorly on your strangely shaped body.
You cover ground very quickly.
You have extremely tough skin. (AC +3)


Message History

The killer bee stings you but does no damage.
You feel better. You block the killer bee's attack. The killer bee stings you.
* * * LOW HITPOINT WARNING * * *
Press: ? - help, Shift-Dir - straight line, f - killer bee
Aim: a killer bee (moderately wounded, chance to defeat MR: 89%)
The killer bee is devoured by a tear in reality.
Lugonu claims a new guest.
You feel somewhat more hungry.
You can no longer corrupt the fabric of space.
You block the killer bee's attack.
Press: ? - help, Shift-Dir - straight line, f - killer bee
Aim: a killer bee (translocational energy, chance to defeat MR: 89%)
You fail to use your ability.
The killer bee stings you.
* * * LOW HITPOINT WARNING * * *
The killer bee stings you.
* * * LOW HITPOINT WARNING * * *
Press: ? - help, Shift-Dir - straight line, f/p - killer bee
Aim: a killer bee (translocational energy, chance to defeat MR: 89%)
You fail to use your ability.
The killer bee stings you.
You die...

######## #....<.#
#......# ###
#.<†...# ###.#
#††....# #...#
#...../# #.#.#
##o..### #.#.#
#y#...# ##.#.#
#@###.# #..#.#
#.###.#####.#..#
..........#...##
..####.###......#
.#.# #.<$.......#
#..
####........###
... ..o.g.......#
##.#...........#.#
#..#..o........#.#


You could see a killer bee and an orc.

Vanquished Creatures
  Joseph (D:7)
  The ghost of Oravi the Cutter, a novice HaFi (D:5)
  A hungry ghost (D:7)
  Eustachio (D:4)
  Menkaure (D:4)
  Edmund (D:4)
  2 ice beasts
  A phantom (D:7)
  3 ogres
  2 centaurs
  A bullfrog (D:7)
  2 scorpions
  3 killer bees (D:8)
  4 howler monkeys
  A crimson imp (D:5)
  2 bullfrog zombies
  5 hounds
  2 orc priests (D:6)
  2 bullfrog skeletons
  Terence (D:2)
  An iguana (D:7)
  8 orc wizards
  9 worker ants
  A howler monkey zombie (D:6)
  A worker ant zombie (D:6)
  9 adders
  5 gnolls
  An adder skeleton (D:7)
  3 worms
  3 dart slugs
  3 leopard geckos
  15 orcs
  7 bats
  6 giant cockroaches
  4 goblins
  8 hobgoblins
  4 jackals (D:4)
  13 kobolds
  3 quokkas
  5 frilled lizards
  A jackal skeleton (D:5)
  A quokka skeleton (D:2)
  8 rats
  A spectral orc (D:5)
157 creatures vanquished.

Vanquished Creatures (collateral kills)
  A worldbinder (Abyss:2)
1 creature vanquished.

Vanquished Creatures (others)
  A killer bee (D:8)
  A crimson imp (D:8)
  2 starspawn tentacles (Abyss:1)
4 creatures vanquished.

Grand Total: 162 creatures vanquished

Notes
Turn   | Place    | Note
-------+----------+-------------------------------------------
     0 | Abyss:1  | Gargoyl the Centaur Abyssal Knight began the quest for the Orb.
     0 | Abyss:1  | Reached XP level 1. HP: 19/19 MP: 2/2
     8 | Abyss:1  | Found a corrupted altar of Lugonu.
    31 | Abyss:1  | Noticed a tentacled starspawn
    43 | Abyss:2  | Noticed a worldbinder
    48 | Abyss:2  | Noticed an ironheart preserver
    48 | Abyss:2  | Noticed an ironheart preserver
    48 | Abyss:2  | Noticed a yaktaur
    70 | Abyss:2  | Killed a worldbinder
    70 | Abyss:2  | Reached skill level 5 in Fighting
    70 | Abyss:2  | Reached skill level 2 in Axes
    70 | Abyss:2  | Reached XP level 2. HP: 29/29 MP: 3/3
    70 | Abyss:2  | Reached XP level 3. HP: 36/36 MP: 4/4
    70 | Abyss:2  | Reached XP level 4. HP: 42/42 MP: 5/5
    70 | Abyss:2  | Reached XP level 5. HP: 48/48 MP: 6/6
   142 | Abyss:2  | Noticed a cyan ugly thing
   143 | Abyss:2  | Noticed a cyan very ugly thing
   144 | Abyss:2  | Noticed a cyan very ugly thing
   144 | D:1      | Escaped the Abyss
   394 | D:1      | You fall through a shaft!
   394 | D:2      | Found a sparkling altar of Nemelex Xobeh.
   468 | D:1      | Reached * piety under Lugonu
  1086 | D:2      | Reached ** piety under Lugonu
  1466 | D:2      | Noticed Terence
  1479 | D:2      | Killed Terence
  1612 | D:3      | Reached XP level 6. HP: 55/56 MP: 8/8
  1837 | D:3      | Found a shattered altar of Ashenzari.
  2578 | D:4      | Reached skill level 3 in Axes
  2634 | D:4      | Noticed Eustachio
  2668 | D:4      | Killed Eustachio
  2668 | D:4      | Reached XP level 7. HP: 26/61 MP: 9/9
  3342 | D:4      | Noticed Menkaure
  3353 | D:4      | Killed Menkaure
  3353 | D:4      | Reached skill level 1 in Dodging
  3579 | D:4      | Noticed Edmund
  3597 | D:4      | Killed Edmund
  3597 | D:4      | Reached *** piety under Lugonu
  3597 | D:4      | Reached skill level 4 in Axes
  4336 | D:4      | Reached XP level 8. HP: 59/69 MP: 11/11
  4704 | D:5      | Entered Level 5 of the Dungeon
  4710 | D:5      | Found Plog's Jewellery Boutique.
  4715 | D:5      | Bought a +4 ring of strength for 297 gold pieces
  4739 | D:5      | Found a snail-covered altar of Cheibriados.
  4860 | D:5      | Noticed Oravi's ghost (novice HaFi)
  4874 | D:5      | Killed Oravi's ghost
  4874 | D:5      | Reached skill level 5 in Axes
  5054 | D:5      | Found a basalt altar of Yredelemnul.
  5088 | D:5      | Reached skill level 5 in Armour
  5233 | D:5      | Found a staircase to the Ecumenical Temple.
  5569 | D:5      | You fall through a shaft for 3 floors!
  5602 | D:8      | Noticed tensugalgo's ghost (journeyman NaAs)
  5608 | D:7      | Reached skill level 5 in Invocations
  5685 | D:7      | Reached skill level 6 in Axes
  5687 | D:7      | Noticed Joseph
  5821 | D:7      | Reached XP level 9. HP: 12/75 MP: 12/12
  6253 | D:7      | Found an ornate altar of the Wu Jian Council.
  6649 | D:7      | Reached **** piety under Lugonu
  7153 | D:6      | Found a blossoming altar of Fedhas.
  7154 | D:6      | Found a stormy altar of Qazlal.
  7625 | D:7      | Found a bloodstained altar of Trog.
  7709 | D:7      | Killed Joseph
  7709 | D:7      | Reached skill level 7 in Axes
  8069 | D:8      | HP: 2/78 [killer bee (6)]
  8070 | D:8      | Slain by a killer bee

Skill      XL: |  1  2  3  4  5  6  7  8  9 |
---------------+----------------------------+-----
Fighting       | 5 6 |  6.5
Axes           | 2 3 4 6 7 |  7.3
Armour         | 2 3 4 5 6 |  6.8
Invocations    | 3 4 5 |  5.9
Dodging        | 1 |  1.1
Throwing       | |  0.6
Evocations     | |  0.1

Action                   |  1- 3 |  4- 6 |  7- 9 || total
-------------------------+-------+-------+-------++-------
Melee: Hand axe          |       |   209 |   375 ||   584
       Kick              |       |    43 |   100 ||   143
Throw: Tomahawk          |       |       |     6 ||     6
Invok: Depart the Abyss  |       |     1 |       ||     1
       Banish            |       |       |     2 ||     2
       Bend Space        |       |       |     1 ||     1
Evoke: Wand              |       |       |     2 ||     2
  Use: Scroll            |     1 |     9 |    12 ||    22
       Potion            |     1 |       |     3 ||     4
  Eat: Chunk             |       |     3 |    18 ||    21
Armor: Plate armour      |       |   195 |   253 ||   448
       Leather armour    |       |    16 |       ||    16
       Skin              |       |       |     6 ||     6
Dodge: Dodged            |     1 |    16 |    25 ||    42
Block: Buckler           |       |    23 |       ||    23
       Shield            |       |    34 |   146 ||   180
